 Dungeon Crawl Stone Soup version 0.20.1-1-g8b1a95d (webtiles) character file.

70 slep the Skirmisher (level 4, -3/36 HPs)
             Began as a Demonspawn Abyssal Knight on Oct 25, 2017.
             Was a Follower of Lugonu.
             Slain by a worm (5 damage)
             ... on level 2 of the Dungeon.
             The game lasted 00:07:24 (1147 turns).

slep the Skirmisher (Demonspawn Abyssal Knight)     Turns: 1147, Time: 00:07:25

Health: -3/36      AC:  7    Str: 13    XL:     4   Next: 3%
Magic:  5/5        EV: 10    Int: 13    God:    Lugonu [*.....]
Gold:   65         SH:  0    Dex: 13    Spells: 3/3 levels left

rFire    . . .     SeeInvis .   a - +1 falchion
rCold    . . .     Gourm    .   (no shield)
rNeg     . . .     Faith    .   o - +0 ring mail (curse)
rPois    .         Spirit   .   (helmet restricted)
rElec    .         Reflect  .   (no cloak)
rCorr    .         Harm     .   d - +0 pair of gloves
MR       .....                  f - +0 pair of boots
Stlth    +.........             (no amulet)
Regen    0.2/turn               (no ring)
MPRegen  0.1/turn               (no ring)

@: no status effects
A: antennae 2, demonic guardian 1
a: Depart the Abyss, Renounce Religion


You were on level 2 of the Dungeon.
You worshipped Lugonu.
Lugonu was aware of your devotion.
You were not hungry.

You visited 1 branch of the dungeon, and saw 2 of its levels.
You visited the Abyss 1 time.

You collected 65 gold pieces.

Inventory:

Hand Weapons
 a - a +1 falchion (weapon)
 n - a +2 short sword of electrocution
Armour
 b - a +0 leather armour
 d - a +0 pair of gloves (worn)
 f - a +0 pair of boots (worn)
 o - a cursed +0 ring mail (worn)
 t - a cursed +0 robe
Scrolls
 g - a scroll of blinking {unknown}
 h - a scroll of fear {unknown}
 j - a scroll of identify {unknown}
 k - a scroll of fog {unknown}
 l - a scroll of magic mapping {unknown}
 m - a scroll of immolation {unknown}
 q - a scroll of recharging {unknown}
 s - a scroll of teleportation {unknown}
Potions
 e - 2 potions of curing {unknown}
 p - 2 potions of heal wounds {unknown}
Comestibles
 c - a bread ration
 i - a meat ration
 r - 4 chunks of flesh


   Skills:
 + Level 3.6 Fighting
 + Level 2.8 Long Blades
 + Level 2.2 Armour
 + Level 1.4 Dodging
 + Level 2.5 Invocations


You had 3 spell levels left.
You didn't know any spells.

Dungeon Overview and Level Annotations

Branches:
Dungeon (2/15)

Altars:


Innate Abilities, Weirdness & Mutations

You have a pair of antennae on your head.
A weak demonic guardian rushes to your aid.


Message History

The worm bites you!
* * * LOW HITPOINT WARNING * * *
You see here a jackal corpse.
You slash the worm!
The worm is moderately wounded.
The worm closely misses you.
You riposte.
You hit the worm.
The worm is heavily wounded.
You hit the worm.
The worm is heavily wounded.
You hit the worm but do no damage.
The worm is heavily wounded.
The worm closely misses you.
You hit the worm.
The worm is severely wounded.
The worm bites you.
* * * LOW HITPOINT WARNING * * *
You hit the worm.
The worm is almost dead.
The worm bites you.
You die...

.. $.......### #..#
#.(.......
#...###...####.#
##........((....#
...........(.......
#......#†.######...
#.#..##...##### .
##.#..###>.....#
#..(....@w.###.#
#.##..###### #.# #..#
#.# #..# #.# #. #####..#
#.# #.## #......# #)#
#... #.#####.#####
#.####..#
#.....†.....####.......#
#######.........<#####.#


You could see a worm.

Vanquished Creatures
  2 adders (D:2)
  An ooze (D:1)
  A giant cockroach (D:2)
  6 goblins
  7 hobgoblins
  4 jackals (D:2)
  6 kobolds
  2 quokkas (D:2)
  3 ball pythons
  5 bats
  3 frilled lizards (D:1)
  2 rats (D:1)
42 creatures vanquished.

Notes
Turn   | Place    | Note
-------+----------+-------------------------------------------
     0 | Abyss:1  | slep the Demonspawn Abyssal Knight began the quest for the Orb.
     0 | Abyss:1  | Reached XP level 1. HP: 18/18 MP: 2/2
     5 | Abyss:1  | Found a corrupted altar of Lugonu.
    17 | Abyss:1  | Found a corrupted altar of Lugonu.
    35 | Abyss:1  | Noticed a large abomination
    36 | Abyss:1  | Noticed a neqoxec
    39 | Abyss:1  | Noticed a small abomination
    43 | Abyss:1  | Noticed a large abomination
    44 | Abyss:1  | Noticed an iron imp
    48 | Abyss:1  | Noticed an efreet
    49 | D:1      | Escaped the Abyss
   125 | D:1      | Reached * piety under Lugonu
   244 | D:1      | Gained mutation: You have a pair of small antennae on your head. [demonic ancestry]
   244 | D:1      | Reached XP level 2. HP: 13/24 MP: 3/3
   248 | D:1      | Reached skill level 1 in Dodging
   585 | D:1      | Gained mutation: You have a pair of antennae on your head. [demonic ancestry]
   585 | D:1      | Reached XP level 3. HP: 19/29 MP: 4/4
  1139 | D:2      | Gained mutation: A weak demonic guardian rushes to your aid. [demonic ancestry]
  1139 | D:2      | Reached XP level 4. HP: 13/36 MP: 5/5
  1146 | D:2      | HP: 1/36 [worm (6)]
  1147 | D:2      | Slain by a worm

Skill      XL: |  1  2 |
---------------+-------+-----
Long Blades    | 2 |  2.8
Armour         | 2 |  2.2
Dodging        | 1 |  1.4
Fighting       | |  3.6
Invocations    | |  2.5

Action                   |  1- 3 |  4- 6 || total
-------------------------+-------+-------++-------
Melee: Falchion          |   157 |     7 ||   164
Invok: Depart the Abyss  |     1 |       ||     1
  Eat: Chunk             |     1 |       ||     1
Armor: Leather armour    |    19 |       ||    19
       Ring mail         |    88 |     2 ||    90
Dodge: Dodged            |   123 |     2 ||   125
       Rpst.: Falchion   |    36 |     1 ||    37
